 Dungeon Crawl Stone Soup version 0.28-a0-1412-gf95308ed99 (webtiles) character file.

Game seed: 17552231749750330414

54 oldmanjim the Skirmisher (level 3, 0/36 HPs)
             Began as a Minotaur Fighter on Jan 6, 2022.
             Succumbed to an adder's poison
             ... on level 3 of the Dungeon.
             The game lasted 00:03:47 (535 turns).

oldmanjim the Skirmisher (Minotaur Fighter)          Turns: 535, Time: 00:03:48

Health: 0/36       AC:  7    Str: 22    XL:     3   Next: 66%
Magic:  2/2        EV:  9    Int:  5    God:
Gold:   1          SH:  4    Dex:  9    Spells: 2/2 levels left

rFire   . . .      SeeInvis .   a - +0 war axe
rCold   . . .      Faith    .   c - +0 buckler
rNeg    . . .      Spirit   .   b - +0 scale mail
rPois   .          Reflect  .   (helmet restricted)
rElec   .          Harm     .   (no cloak)
rCorr   .          Rampage  .   (no gloves)
Will    .....                   (no boots)
Stlth   ..........              (no amulet)
HPRegen 0.12/turn               (no ring)
MPRegen 0.08/turn               (no ring)

@: lethally poisoned (0 -> -5), very slow
A: horns 2, retaliatory headbutt
a: no special abilities


You were on level 3 of the Dungeon.
You visited 1 branch of the dungeon, and saw 3 of its levels.

You collected 1 gold pieces.

Inventory:

Hand Weapons
 a - a +0 war axe (weapon)
Missiles
 f - 4 atropa-tipped darts (quivered)
 g - 44 arrows
 k - 22 stones
Armour
 b - a +0 scale mail (worn)
 c - a +0 buckler (worn)
Jewellery
 e - an amulet of reflection
Scrolls
 h - 3 scrolls of teleportation {unknown}
 j - a scroll of noise {unknown}
 l - a scroll of blinking {unknown}
Potions
 d - a potion of might
 i - a potion of haste {unknown}


   Skills:
 - Level 5.0 Fighting
 - Level 2.4 Axes
 - Level 4.0 Armour
 + Level 1.0 Dodging
 - Level 4.0 Shields


You had 2 spell levels left.
You didn't know any spells.
Your spell library contained the following spells:

 Spells                   Type           Power      Damage    Failure   Level
 Shock                    Conj/Air       0%         1d3       87%         1
 Summon Guardian Golem    Hex/Summ       0%         N/A       99%         3
 Swiftness                Air            0%         N/A       99%         3
 Airstrike                Air            0%         N/A       100%        4
 Orb of Destruction       Conj           0%         N/A       100%        7
 Spellforged Servitor     Conj/Summ      0%         N/A       100%        7


Dungeon Overview and Level Annotations

Branches:
Dungeon (3/15)

Altars:


Innate Abilities, Weirdness & Mutations

You have a pair of horns on your head.
You reflexively headbutt those who attack you in melee.


Message History

You slash the giant cockroach!
You kill the giant cockroach!
Your Dodging skill increases to level 1!
Unknown command.
You hear the slow rusting of a drain very nearby.
You see here a giant cockroach corpse.
l - a scroll labelled WEEN BURPHYARI You enter the shallow water.
Moving in this stuff is going to be slow.
A rat comes into view.
The rat bites you but does no damage.
You are too injured to fight recklessly!
You are too injured to fight recklessly!
You closely miss the rat. You headbutt the rat.
You kill the rat!
An adder comes into view.
The adder hisses angrily.
The adder bites you but does no damage.
Your unstable footing causes you to fumble your attack.
The adder closely misses you. The adder bites you.
* * * LOW HITPOINT WARNING * * *
You are poisoned.
The adder poisons you!
You barely miss the adder.
* * * LOW HITPOINT WARNING * * *
You feel sick. The adder bites you but does no damage. The adder bites you.
* * * LOW HITPOINT WARNING * * *
You are lethally poisoned!
The adder poisons you!
Your unstable footing causes you to fumble your attack.
* * * LOW HITPOINT WARNING * * *
You feel very sick. You block the adder's attack.
Your unstable footing causes you to fumble your attack.
* * * LOW HITPOINT WARNING * * *
You feel sick. The adder bites you but does no damage.
You block the adder's attack.
You slash the adder! You headbutt the adder.
You kill the adder!
You die...

#####<### ###.# #.#..#...
........# #####≈##.......
##......# #≈≈≈#......# ..##..###
#≈≈≈#...... #......###
##≈##..##.# # #........#
#≈#...##.# #. #..._....#
#≈#......###... ##......##
##≈##..#......# #......#
#@≈≈#....## #..###
#####..#≈≈≈≈≈≈†≈≈≈#.....####....
##.##≈######≈##.#.#.)..##...
#.### ##.####....####...... .
#...###..........# ####...
....###................# #...
......†..####..........# #...
##.#...................# #...
#....######...........# ####.


There were no monsters in sight!

Vanquished Creatures
  An iguana (D:3)
  An adder (D:3)
  A dart slug (D:1)
  An orc (D:3)
  2 bats
  2 endoplasms
  3 giant cockroaches
  3 hobgoblins (D:3)
  5 jackals
  A frilled lizard (D:1)
  A rat (D:3)
21 creatures vanquished.

Vanquished Creatures (others)
  2 plants (D:1)
2 creatures vanquished.

Grand Total: 23 creatures vanquished

Notes
Turn   | Place    | Note
-------+----------+-------------------------------------------
     0 | D:1      | oldmanjim the Minotaur Fighter began the quest for the Orb.
     0 | D:1      | Reached XP level 1. HP: 19/19 MP: 0/0
   221 | D:1      | Reached XP level 2. HP: 27/27 MP: 1/1
   368 | D:3      | Reached skill level 4 in Fighting
   420 | D:3      | Found a faded altar of an unknown god.
   449 | D:3      | HP: 1/28 [iguana (12)]
   452 | D:3      | Reached skill level 5 in Fighting
   452 | D:3      | Reached XP level 3. HP: 2/36 MP: 2/2
   468 | D:3      | Reached skill level 1 in Dodging
   535 | D:3      | Succumbed to an adder's poison

Illustrated notes

Levels and vault maps discovered:
D:1:      dpeg_chamrin_arrival_tetris, layout_basic, serial_forest,
          infiniplex_forest_lined_2, infiniplex_forest_straight_4,
          infiniplex_forest_end_1, infiniplex_forest_clump_curved,
          infiniplex_forest_zigzag_1, infiniplex_forest_diagonal
D:2:      layout_loops_ring, basic_altar, minmay_split_cup_small
D:3:      layout_rooms, ebering_ecumenical_altar_sacrificial,
          gup_sewer_entry_bubbles

Skill      XL: |  1  2  3 |
---------------+----------+-----
Shields        | 4 |  4.0
Armour         | 4 |  4.0
Fighting       | 5 |  5.0
Dodging        | 1 |  1.0
Axes           | |  2.4

Action                   || total
-------------------------++-------
Melee: War axe           ||    57
       Headbutt          ||     7
Armor: Scale mail        ||    26
Dodge: Dodged            ||    24
Block: Buckler           ||    15

Table legend: (Time is in decaauts)
 A = Elapsed time spent in this place.
 B = Non-inter-level travel time spent in this place.
 C = Inter-level travel time spent in this place.
 D = Time resting spent in this place.
 E = Time spent auto-exploring this place.
 F = Levels seen in this place.
 G = Mean time per level.
                   A        B        C        D        E       F      G
               +--------+--------+--------+--------+--------+-----+--------+
         Total |    562 |    562 |      0 |      0 |    289 |   3 |  187.3 |
       Dungeon |    562 |    562 |      0 |      0 |    289 |   3 |  187.3 |
               +--------+--------+--------+--------+--------+-----+--------+

Top non-repeatable levels by time:
     D:1: 317 daAuts
     D:3: 241 daAuts
     D:2: 3 daAuts
